AoeStats
← korosuke

Arena

509358098Analyzed
4v4 RM · 7d ago on Sep 26, 2026· 55m 39s· 8 players
Game mode
Random Map
Map size
Large (8 player)
Population
200
Speed
Normal
Resources
Standard
Victory
Conquest
Starting age
Dark Age
Ending age
Imperial Age
RankedLock teamsTeams togetherTeam positionsShared explorationLock speedFull tech treeHidden civsTurbo modeCheats
Victory
Defeat
🇹🇷 Malay · Türkiye
1015
+12
🇨🇳 Jurchens · China
936
+15
🇯🇵 Burgundians · Japan
898
+16
🇯🇵 Ethiopians · Japan
897
+16
🇨🇳 Japanese · China
1000
-55
🇨🇳 Tupi · China
989
-18
🇨🇳 Lithuanians · China
919
-15
🇨🇳 Mongols · China
731
-8
笙箫楠兮
7:17 Loom
10:27 Feudal Age
17:02 Castle Age
15:03 Double-Bit Axe
15:07 Horse Collar
22:16 Wheelbarrow
24:29 Bow Saw
24:21 Heavy Plow
26:22 Hand Cart
27:39 Gold Mining
27:39 Stone Mining
31:41 Imperial Age
30:00 Gold Shaft Mining
30:02 Stone Shaft Mining
29:21 Treadmill Crane
30:02 Ballistics
29:53 Masonry
29:49 Siege Engineers
29:56 Fortified Wall
31:01 Town Watch
31:29 Husbandry
31:48 Forging
31:43 Scale Barding Armor
32:23 Siege Engineers
32:36 Bloodlines
32:40 Elite Steppe Lancer
33:59 Iron Casting
33:45 Chain Barding Armor
34:30 Two-Man Saw
34:01 Crop Rotation
35:48 Blast Furnace
35:51 Chemistry
35:22 Architecture
37:05 Plate Barding Armor
39:13 Conscription
38:54 Fortified Bastions
39:30 Hoardings
44:15 Caravan
squeezecheese21
11:37 Feudal Age
11:12 Town Watch
11:15 Double-Bit Axe
11:11 Horse Collar
12:19 Wheelbarrow
14:08 Gold Mining
14:45 Stone Mining
19:38 Forging
19:33 Scale Barding Armor
21:54 Castle Age
21:14 Fletching
21:47 Bow Saw
21:38 Heavy Plow
22:43 Iron Casting
25:44 Husbandry
27:49 Gold Shaft Mining
27:44 Bodkin Arrow
30:23 Ballistics
31:48 Masonry
31:28 Loom
32:07 Hand Cart
35:50 Imperial Age
34:32 Stone Shaft Mining
36:39 Blast Furnace
36:06 Conscription
35:27 Elite Battle Elephant
36:21 Treadmill Crane
37:39 Crop Rotation
38:05 Bracer
38:55 Man-at-Arms
39:36 Squires
39:39 Forced Levy
39:43 Long Swordsman
40:31 Two-Handed Swordsman
korosuke
0:26 Loom
12:25 Feudal Age
16:27 Castle Age
15:05 Fletching
15:14 Double-Bit Axe
17:28 Bodkin Arrow
24:47 Crossbowman
25:21 Horse Collar
27:57 Padded Archer Armor
29:19 Ballistics
29:39 Leather Archer Armor
30:46 Bow Saw
30:54 Fortified Wall
31:51 Gold Mining
36:59 Imperial Age
35:05 Wheelbarrow
35:19 Squires
35:05 Arson
35:23 Scale Mail Armor
35:34 Forging
35:54 Murder Holes
36:38 Gold Shaft Mining
35:53 Stone Mining
36:45 Heavy Plow
37:13 Thumb Ring
37:21 Royal Heirs
38:03 Bracer
38:33 Ring Archer Armor
38:19 Chain Mail Armor
40:11 Chemistry
39:51 Iron Casting
39:26 Town Watch
41:34 Ring Archer Armor
42:04 Blast Furnace
41:38 Arbalester
42:32 Elite Shotel Warrior
43:29 Elite Skirmisher
45:21 Plate Mail Armor
44:58 Scale Barding Armor
44:22 Capped Ram
46:34 Stone Shaft Mining
46:17 Hand Cart
46:09 Town Patrol
47:33 Two-Man Saw
47:01 Halberdier
50:38 Torsion Engines
DOY
11:13 Feudal Age
9:31 Double-Bit Axe
15:43 Castle Age
15:19 Scale Mail Armor
31:16 Imperial Age
29:24 Wheelbarrow
30:36 Fletching
32:19 Bow Saw
32:22 Burgundian Vineyards
32:51 Bodkin Arrow
34:41 Horse Collar
34:50 Loom
35:21 Hand Cart
35:11 Padded Archer Armor
38:10 Chemistry
37:34 Scale Barding Armor
41:46 Chain Barding Armor
41:38 Forging
41:35 Bracer
42:28 Elite Coustillier
43:58 Plate Barding Armor
44:09 Caravan
45:44 Iron Casting
49:47 Blast Furnace
413401132
9:58 Feudal Age
10:23 Loom
10:36 Double-Bit Axe
10:32 Horse Collar
13:55 Gold Mining
14:55 Gold Mining
15:02 Loom
17:31 Castle Age
15:58 Loom
17:02 Stone Mining
18:41 Bow Saw
21:04 Stone Shaft Mining
23:26 Wheelbarrow
23:28 Husbandry
24:37 Scale Barding Armor
24:55 Hand Cart
28:56 Bloodlines
30:49 Chain Barding Armor
30:39 Forging
31:50 Caravan
33:14 Iron Casting
36:26 Imperial Age
36:34 Elite Leitis
37:36 Conscription
37:58 Plate Barding Armor
51:06 Cavalier
52:41 Paladin
Solace.
10:53 Feudal Age
12:34 Loom
15:53 Castle Age
14:09 Double-Bit Axe
14:07 Horse Collar
17:25 Bow Saw
22:55 Padded Archer Armor
22:45 Fletching
25:49 Bodkin Arrow
26:10 Leather Archer Armor
32:01 Imperial Age
32:43 Ballistics
34:18 Chemistry
33:42 Conscription
35:52 Elite Blackwood Archer
37:58 Curare
39:24 Hoardings
43:53 Bracer
52:16 Squires
51:40 Pikeman
Hpy559
0:42 Loom
10:45 Feudal Age
12:30 Double-Bit Axe
12:30 Horse Collar
15:21 Wheelbarrow
20:09 Castle Age
19:15 Bloodlines
19:45 Forging
20:05 Gold Mining
20:06 Stone Mining
21:38 Light Cavalry
33:32 Stone Shaft Mining
37:51 Gold Shaft Mining
40:01 Bow Saw
40:54 Heavy Plow
41:48 Town Watch
42:21 Hand Cart
43:09 Ballistics
43:00 Husbandry
44:05 Nomads
44:28 Thumb Ring
48:45 Imperial Age
48:12 Fletching
48:22 Padded Archer Armor
48:50 Bodkin Arrow
49:33 Bracer
50:19 Leather Archer Armor
51:48 Chemistry
50:54 Siege Engineers
51:19 Parthian Tactics
51:27 Elite Mangudai
52:31 Conscription
erick_self
26:02 Feudal Age
32:21 Castle Age
37:40 Forging
37:32 Scale Mail Armor
47:48 Pikeman
48:45 Squires
Connection lost

Rejoining the realm…

Still unreachable

The connection could not be restored.

Session expired

The server has moved on; the page needs a fresh start.